 Dungeon Crawl Stone Soup version 0.17.1-3-g152610e (webtiles) character file.

214 Alarkh the Chopper (level 5, -2/38 HPs)
             Began as a Mummy Skald on Apr 17, 2016.
             Slain by a scorpion (6 damage)
             ... on level 4 of the Dungeon.
             The game lasted 00:04:59 (3064 turns).

Alarkh the Chopper (Mummy Skald)                    Turns: 3064, Time: 00:04:59

Health: -2/38      AC:  4    Str: 15    XL:     5   Next: 59%
Magic:  2/8        EV: 11    Int: 12    God:
Gold:   96         SH:  0    Dex: 12    Spells: 3 memorised, 3 levels left

rFire  x . .     SeeInvis .     a - +0 hand axe
rCold  + + .     Clarity  .     b - +0 leather armour
rNeg   + + +     SustAt   .     (no shield)
rPois  ∞         Gourm    .     (no helmet)
rElec  .         Spirit   .     (no cloak)
rCorr  .         Warding  .     j - +0 pair of gloves
rMut   .         Stasis   .     (no boots)
MR     .....                    (no amulet)
Stlth  +.........               (no ring)
                                i - ring of protection from cold

@: infused, not resistant to hostile enchantments, very unstealthy
A: no food or potions, fire vulnerability, cold resistance 1, negative energy
resistance 3, torment resistance, unbreathing
a: no special abilities


You were on level 4 of the Dungeon.
You were not hungry.

You visited 1 branch of the dungeon, and saw 5 of its levels.

You collected 96 gold pieces.

Inventory:

Hand Weapons
 a - a +0 hand axe (weapon)
 k - the +5 dagger of the Hall of Blades {pierce, rElec Str+2 Dex-4}
   (You found it on level 5 of the Dungeon)

   It inflicts extra damage upon your enemies.
   It affects your strength (+2).
   It affects your dexterity (-4).
   It insulates you from electricity.
Armour
 b - a +0 leather armour (worn)
 j - a +0 pair of gloves (worn)
Jewellery
 h - an uncursed amulet of stasis
 i - a ring of protection from cold (left hand)
Wands
 f - a wand of digging (13)
Scrolls
 d - a scroll of recharging {unknown}
 e - a scroll of remove curse
Books
 c - a book of Battle

   Spells                             Type                      Level
   a - Infusion                       Charms                       1
   b - Shroud of Golubria             Charms/Translocation         2
   c - Song of Slaying                Charms                       2
   d - Spectral Weapon                Hexes/Charms                 3
   e - Regeneration                   Charms/Necromancy            3


   Skills:
 - Level 2.0 Fighting
 + Level 4.9 Axes
 - Level 0.7 Armour
 - Level 0.7 Dodging
 - Level 2.0 Spellcasting
 - Level 2.4 Charms


You had 3 spell levels left.
You knew the following spells:

 Your Spells              Type           Power        Failure   Level  Hunger
a - Infusion              Chrm           #.....       14%         1    N/A
b - Song of Slaying       Chrm           #.......     21%         2    N/A
e - Shroud of Golubria    Chrm/Tloc      #.........   34%         2    N/A

Dungeon Overview and Level Annotations

Branches:
Dungeon (5/15)
 Temple: D:4-7

Altars:
Qazlal

Shops:
D:5 (

Annotations:
D:1 1 exclusion
D:2 Terence
D:4 Eustachio
D:5 bollicks1999's ghost, novice OpAs


Innate Abilities, Weirdness & Mutations

You do not eat or drink.
Your flesh is vulnerable to fire.
You are immune to poison.
Your flesh is cold resistant.
You are immune to negative energy.
You are immune to unholy pain and torment.
You can survive without breathing.


Message History

The ogre shouts!
Found 11 gold pieces.
An ooze and a scorpion come into view.
Read which item? (? for menu, Esc to quit)
Okay, then.
Casting: Infusion
Confirm with . or Enter, or press ? or * to list all spells.
Space distorts slightly along a thin shroud covering your body.
The ooze quivers.
The ooze moves out of view.
Casting: Shroud of Golubria
Confirm with . or Enter, or press ? or * to list all spells.
You begin infusing your attacks with magical energy.
Your shroud bends the scorpion's attack away.
Unknown command.
You barely miss the scorpion. You hit the ogre.
The ogre is lightly wounded.
Your shroud bends the ogre's attack away!
The scorpion stings you.
You die...

....................>#
###........#####.#.###
###'######.......#.#
..... #.#######.#
...... #.# .$#.#
....... #.# ...O#
........ #.# #.###
............ #O# ..
..# #@# #.. #.# #s#
#..####.# #.#
......#.# ..#
......... ###'## .
.....#.####....#
#......#..#.#
#.#.##.#.#.. #.##.#...


You could see an ogre and a scorpion.

Vanquished Creatures
  A hound (D:4)
  A centaur skeleton (D:4)
  A worker ant (D:4)
  A giant frog skeleton (D:4)
  An orc priest (D:3)
  A gnoll (D:1)
  2 adders
  3 giant geckos
  3 orcs
  7 hobgoblins
  4 jackals (D:1)
  3 kobolds (D:1)
  2 quokkas
  2 bats (D:1)
  A giant cockroach (D:1)
  2 giant newts (D:1)
  5 goblins
  2 rats
42 creatures vanquished.

Notes
Turn   | Place    | Note
--------------------------------------------------------------
     0 | D:1      | Alarkh the Mummy Skald began the quest for the Orb.
     0 | D:1      | Reached XP level 1. HP: 16/16 MP: 3/3
   123 | D:1      | Reached XP level 2. HP: 9/22 MP: 0/5
   772 | D:1      | Reached XP level 3. HP: 27/27 MP: 6/6
  1062 | D:1      | Reached skill level 3 in Axes
  1114 | D:2      | Noticed Terence
  1278 | D:4      | Reached XP level 4. HP: 28/33 MP: 1/7
  1311 | D:4      | Reached skill level 4 in Axes
  1629 | D:4      | Noticed Eustachio
  1858 | D:4      | Reached XP level 5. HP: 29/38 MP: 3/8
  1878 | D:4      | Noticed an ogre
  1936 | D:4      | Learned a level 2 spell: Song of Slaying
  1939 | D:4      | Learned a level 2 spell: Shroud of Golubria
  2100 | D:3      | Found a stormy altar of Qazlal.
  2746 | D:5      | Entered Level 5 of the Dungeon
  2747 | D:5      | Noticed bollicks1999's ghost (novice OpAs)
  2758 | D:5      | Found Cunaedi's Antique Weapon Emporium.
  2764 | D:5      | Got a dazzling dagger
  2992 | D:4      | Identified the +5 dagger of the Hall of Blades {pierce, rElec Str+2 Dex-4} (You found it on level 5 of the Dungeon)
  3062 | D:4      | Noticed a scorpion
  3064 | D:4      | Slain by a scorpion

Action                   |  1- 3 |  4- 6 || total
-------------------------+-------+-------++-------
Melee: Hand axe          |    89 |    78 ||   167
 Cast: Infusion          |    18 |    18 ||    36
       Shroud of Golubri |       |     3 ||     3
  Use: Scroll            |       |     3 ||     3
